AoeStats
← peagle

Arabia

510679462Analyzed
1v1 RM · 14h ago on Oct 2, 2026· 51m 13s· 2 players
Game mode
Random Map
Map size
Tiny (2 player)
Population
200
Speed
Normal
Resources
Standard
Victory
Conquest
Starting age
Dark Age
Ending age
Imperial Age
RankedLock teamsTeams togetherTeam positionsShared explorationLock speedFull tech treeHidden civsTurbo modeCheats
Victory
Defeat
🇺🇸 Danes · United States
759
+17
🇳🇱 Mongols · Netherlands
781
-17
peagle
4:35 Loom
12:07 Feudal Age
13:06 Man-at-Arms
14:44 Double-Bit Axe
15:08 Arson
19:19 Horse Collar
23:27 Castle Age
21:27 Fletching
22:41 Gold Mining
22:42 Stone Mining
23:02 Scale Mail Armor
23:08 Padded Archer Armor
24:25 Wheelbarrow
24:11 Elite Skirmisher
25:00 Bodkin Arrow
25:35 Gambesons
25:52 Squires
26:26 Town Watch
28:01 Bow Saw
34:02 Imperial Age
34:00 Gold Shaft Mining
34:47 Ballistics
34:41 Heavy Plow
35:11 Conscription
37:22 Hand Cart
38:31 Murder Holes
39:39 Hoardings
40:55 Thumb Ring
41:54 Chemistry
42:45 Bracer
43:01 Chain Mail Armor
43:29 Elite Jomsviking
47:05 Forging
48:24 Masonry
48:48 Plate Mail Armor
48:54 Iron Casting
48:35 Leather Archer Armor
47:47 Hamask
stephenskocpol
0:54 Loom
6:58 Loom
10:07 Feudal Age
15:02 Padded Archer Armor
15:08 Padded Archer Armor
15:02 Fletching
15:12 Padded Archer Armor
15:07 Gold Mining
15:03 Double-Bit Axe
15:00 Horse Collar
22:53 Castle Age
23:11 Forging
23:04 Scale Mail Armor
24:13 Wheelbarrow
23:23 Town Watch
23:42 Bodkin Arrow
24:02 Leather Archer Armor
23:14 Crossbowman
24:58 Thumb Ring
26:01 Leather Archer Armor
27:53 Wheelbarrow
27:22 Stone Mining
30:28 Ballistics
29:36 Pikeman
30:18 Squires
36:06 Hand Cart
35:36 Town Watch
36:11 Forging
36:06 Scale Barding Armor
38:18 Iron Casting
37:58 Chain Mail Armor
38:03 Chain Barding Armor
38:22 Iron Casting
38:08 Chain Barding Armor
40:42 Imperial Age
38:48 Bloodlines
38:38 Husbandry
41:54 Arbalester
43:45 Light Cavalry
45:17 Hoardings
45:46 Chemistry
44:52 Siege Engineers
44:57 Masonry
44:54 Siege Engineers
45:11 Bow Saw
45:02 Heavy Plow
45:39 Gold Shaft Mining
45:41 Stone Shaft Mining
45:01 Elite Steppe Lancer
46:25 Iron Casting
46:10 Chain Barding Armor
46:43 Conscription
47:18 Chain Barding Armor
46:59 Bracer
46:47 Hussar
48:21 Herbal Medicine
48:41 Nomads
Connection lost

Rejoining the realm…

Still unreachable

The connection could not be restored.

Session expired

The server has moved on; the page needs a fresh start.